 Dungeon Crawl Stone Soup version 0.19.1 (webtiles) character file.

870 glosham the Grappler (level 7, -8/66 HPs)
             Began as a Troll Berserker on Nov 30, 2016.
             Was a Believer of Trog.
             Mangled by a hornet (10 damage)
             ... while paralysed by a hornet
             ... on level 8 of the Dungeon.
             The game lasted 00:10:57 (425 turns).

glosham the Grappler (Troll Berserker)               Turns: 425, Time: 00:10:57

Health: -8/66      AC:  5    Str: 26    XL:     7   Next: 73%
Magic:  6/6        EV:  1    Int:  3    God:    Trog [**....]
Gold:   28         SH:  0    Dex: 11    Spells: 0 memorised, 6 levels left

rFire  . . .     SeeInvis .       - Unarmed
rCold  . . .     Gourm    +     a - +0 animal skin
rNeg   . . .     Faith    .     (no shield)
rPois  .         Spirit   .     (helmet restricted)
rElec  .         Reflect  .     (no cloak)
rCorr  .         Harm     .     (gloves unavailable)
MR     .....                    (boots unavailable)
Stlth  +.........               (no amulet)
                                (no ring)
                                (no ring)

@: paralysed, exhausted, slowed
A: unfitting armour, claws 3, fast metabolism 3, gourmand, regeneration 1,
shaggy fur 1, tough skin 2
a: Berserk, Trog's Hand, Burn Spellbooks, Renounce Religion


You were on level 8 of the Dungeon.
You worshipped Trog.
Trog was pleased with you.
You were full.

You visited 1 branch of the dungeon, and saw 8 of its levels.

You collected 28 gold pieces.

Inventory:

Missiles
 d - 19 poisoned needles
Armour
 a - a +0 animal skin (worn)
Potions
 c - a potion of resistance
 f - a potion of beneficial mutation {unknown}
Comestibles
 b - 3 bread rations


   Skills:
 + Level 2.4 Fighting
 - Level 2.4 Dodging
 * Level 9.3 Unarmed Combat


You had 6 spell levels left.
You didn't know any spells.

Dungeon Overview and Level Annotations

Branches:
Dungeon (8/15)
 Temple: D:4-7         Lair: D:8-11

Altars:

Annotations:
D:5 !, Menkaure, Prince Ribbit
D:7 Philosophy's ghost, novice HOFi


Innate Abilities, Weirdness & Mutations

You are too large for most types of armour.
You have claws for hands.
Your metabolism is lightning-fast.
You like to eat raw meat.
Your natural rate of healing is unusually fast.
You are covered in fur. (AC +1)
You have very tough skin. (AC +2)


Message History

A wyvern comes into view.
The wyvern hisses angrily.
The worker ant bites you but does no damage.
You feel less exhausted.
The worker ant bites you but does no damage.
A red film seems to cover your vision as you go berserk!
You feel yourself moving faster!
You feel mighty!
You feel a lot less full.
The worker ant bites you but does no damage.
You barely miss the worker ant. Your claw misses the worker ant.
You mangle the worker ant!!
You kill the worker ant!
Trog accepts your kill.
You mangle the wyvern!!
You kill the wyvern!
Trog accepts your kill.
Your Unarmed Combat skill increases to level 9!
There is a stone staircase leading up here.
You feel a strong urge to attack something.
You feel your anger subside.
You are no longer berserk.
You are exhausted.
You feel yourself slow down. 2 hornets come into view.
You feel yourself speed up.
The hornet buzzes angrily. x2; You hear an angry buzzing noise.
The hornet stings you but does no damage.
The hornet stings you!
You feel yourself slow down. The hornet stings you!
You feel as though you will be slow longer.
The hornet stings you!
You suddenly lose the ability to move!
A hornet comes into view.
The hornet stings you!
* * * LOW HITPOINT WARNING * * *
You shrug off the repeated paralysis!
The hornet stings you but does no damage.
The hornet stings you!
* * * LOW HITPOINT WARNING * * *
You feel as though you will be slow longer.
The hornet barely misses you.
The hornet stings you but does no damage.
The hornet stings you!
You die...

####.# #. #....# .#
######.#..## .#
<......#...######.##
####.#####.........##
####...#...####..#..#
...##..#..## ###.#
.#........# #y#.#
...######.# #@#.#
#### #.# #y#y## #.#
## #.# #.# ## #.# #.#
.#


You could see 3 hornets.

Vanquished Creatures
  A wyvern (D:8)
  An orc warrior (D:6)
  An ice beast (D:7)
  2 ogres
  A bullfrog (D:6)
  A water moccasin skeleton (D:6)
  3 hounds
  A worker ant (D:8)
  Natasha (twice) (D:2)
  2 orc wizards (D:6)
  4 adders
  A dart slug (D:2)
  4 leopard geckos
  3 orcs
  A bat (D:2)
  A goblin (D:2)
  A hobgoblin (D:1)
  4 jackals (D:6)
  2 kobolds (D:2)
  4 rats
40 creatures vanquished.

Notes
Turn   | Place    | Note
-------+----------+-------------------------------------------
     0 | D:1      | glosham the Troll Berserker began the quest for the Orb.
     0 | D:1      | Reached XP level 1. HP: 22/22 MP: 0/0
    33 | D:2      | Noticed Natasha
    35 | D:2      | Killed Natasha
    35 | D:2      | Reached skill level 4 in Unarmed Combat
    35 | D:2      | Reached XP level 2. HP: 29/29 MP: 1/1
    47 | D:2      | Reached XP level 3. HP: 36/36 MP: 2/2
    65 | D:2      | Noticed Natasha
    69 | D:2      | Killed Natasha
    83 | D:2      | Reached XP level 4. HP: 40/44 MP: 3/3
    88 | D:2      | Reached skill level 5 in Unarmed Combat
   176 | D:5      | Entered Level 5 of the Dungeon
   176 | D:5      | Noticed an ogre
   180 | D:5      | Killed an ogre
   180 | D:5      | Reached skill level 6 in Unarmed Combat
   180 | D:5      | Reached XP level 5. HP: 50/50 MP: 4/4
   194 | D:5      | Noticed Menkaure
   195 | D:5      | Noticed Prince Ribbit
   206 | D:5      | Reached ** piety under Trog
   230 | D:6      | Noticed an ogre
   232 | D:6      | Noticed an orc warrior
   244 | D:6      | Reached XP level 6. HP: 24/59 MP: 5/5
   253 | D:6      | Reached skill level 7 in Unarmed Combat
   258 | D:6      | Killed an orc warrior
   269 | D:6      | Reached skill level 8 in Unarmed Combat
   308 | D:6      | Reached XP level 7. HP: 39/66 MP: 6/6
   349 | D:7      | Noticed Philosophy's ghost (novice HOFi)
   381 | D:8      | Noticed a wyvern
   397 | D:8      | Killed a wyvern
   397 | D:8      | Reached skill level 9 in Unarmed Combat
   423 | D:8      | Noticed a hornet
   423 | D:8      | Noticed a hornet
   423 | D:8      | Paralysed by a hornet for 3 turns
   424 | D:8      | Noticed a hornet
   424 | D:8      | HP: 2/66 [hornet (14)]
   425 | D:8      | Mangled by a hornet

Skill      XL: |  1  2  3  4  5  6  7 |
---------------+----------------------+-----
Unarmed Combat | 4 6 8 9 |  9.3
Fighting       | |  2.4
Dodging        | |  2.4

Action                   |  1- 3 |  4- 6 |  7- 9 || total
-------------------------+-------+-------+-------++-------
Melee: Unarmed           |    18 |    60 |    21 ||    99
       Punch             |       |     1 |       ||     1
Invok: Berserk           |       |     2 |     2 ||     4
  Use: Scroll            |       |     4 |       ||     4
  Eat: Chunk             |       |    10 |       ||    10
Armor: Animal skin       |     5 |    16 |    11 ||    32
Dodge: Dodged            |     4 |    41 |    12 ||    57

Table legend:
 A = Turns spent in this place as a percentage of turns spent in the entire game.
 B = Non-inter-level travel turns spent in this place as a percentage of non-inter-level travel turns spent in the entire game.
 C = Inter-level travel turns spent in this place as a percentage of turns spent in this place.
 D = Turns resting spent in this place as a percentage of non-inter-level travel turns spent in this place.
 E = Turns spent auto-exploring this place as a percentage of non-inter-level travel turns spent in this place.
 F = Non-inter-level travel turns spent in this place divided by the number of levels of this place that you've seen.
                   A       B       C       D       E      F
               +-------+-------+-------+-------+-------+----------------------
         Total | 100.0 | 100.0 |   0.0 |   0.0 |   0.0 |  51.4
       Dungeon | 100.0 | 100.0 |   0.0 |   0.0 |   0.0 |  51.4
               +-------+-------+-------+-------+-------+----------------------

Table legend:
 A = Kills in this place as a percentage of kills in entire the game.
 B = Kills by you in this place as a percentage of kills by you in the entire game.
 C = Kills by friends in this place as a percentage of kills by friends in the entire game.
 D = Other kills in this place as a percentage of other kills in the entire game.
 E = Experience gained in this place as a percentage of experience gained in the entire game.
 F = Experience gained in this place divided by the number of levels of this place that you have seen.
                   A       B       C       D       E      F
               +-------+-------+-------+-------+-------+----------------------
         Total | 100.0 | 100.0 |  -nan |  -nan | 100.0 | 155.4
       Dungeon | 100.0 | 100.0 |  -nan |  -nan | 100.0 | 155.4
               +-------+-------+-------+-------+-------+----------------------

Vault maps used:
D:1:      minmay_arrival_open_corners, moated_statue, minmay_split_cup_large
D:2:      first_bread, corexii_shack, nrook_loot_triangle, uniq_natasha,
          uniq_iyjb
D:4:      grunt_ministairs_1, uniq_duvessa, uniq_sigmund
D:5:      uniq_menkaure, uniq_prince_ribbit1, uniq_eustachio,
          uniq_crazy_yiuf_cottage
D:6:      lemuel_slime
D:7:      corexii_shack_village
D:8:      due_lair_maze_entry_diamond, serial_shops, shop_statue,
          hangedman_pestilent_swarm, uniq_maurice
